 Dungeon Crawl Stone Soup version 0.28.0 (webtiles) character file.

Game seed: 11973084527057397691

94 cbfl8 the Sneak (level 4, -2/40 HPs)
             Began as a Minotaur Delver on Feb 8, 2022.
             Slain by a sky beast (4 damage)
             ... on level 6 of the Dungeon.
             The game lasted 00:00:52 (192 turns).

cbfl8 the Sneak (Minotaur Delver)                    Turns: 192, Time: 00:00:53

Health: -2/40      AC:  3    Str: 18    XL:     4   Next: 38%
Magic:  3/3        EV: 16    Int:  7    God:
Gold:   0          SH:  0    Dex: 12    Spells: 3/3 levels left

rFire   . . .      SeeInvis .   a - +0 hand axe
rCold   . . .      Faith    .   (no shield)
rNeg    . . .      Spirit   .   b - +0 leather armour
rPois   .          Reflect  .   (helmet restricted)
rElec   .          Harm     .   (no cloak)
rCorr   .          Rampage  .   (no gloves)
Will    .....                   (no boots)
Stlth   +++.......              (no amulet)
HPRegen 0.13/turn               h - +4 ring of evasion
MPRegen 0.08/turn               (no ring)

@: no status effects
A: horns 2, retaliatory headbutt
a: no special abilities


You were on level 6 of the Dungeon.
You visited 1 branch of the dungeon, and saw 2 of its levels.

Inventory:

Hand Weapons
 a - a +0 hand axe (weapon)
Armour
 b - a +0 leather armour (worn)
Jewellery
 h - a +4 ring of evasion (left hand)
Wands
 g - a wand of digging (3)
Scrolls
 c - a scroll of fog
 d - a scroll of magic mapping
 e - a scroll of fear
 i - a scroll of enchant armour {unknown}
Potions
 f - a potion of haste


   Skills:
 + Level 4.1 Fighting
 + Level 3.1 Axes
 + Level 2.4 Dodging
 + Level 5.2 Stealth


You had 3 spell levels left.
You didn't know any spells.
Your spell library was empty.

Dungeon Overview and Level Annotations

Branches:
Dungeon (6/15)
 Temple: D:4-7

Altars:

Shops:
D:6 *


Innate Abilities, Weirdness & Mutations

You have a pair of horns on your head.
You reflexively headbutt those who attack you in melee.


Message History

Something hits you. Something shocks you. Something hits you.
Something shocks you.
You closely miss something. Something hits you but does no damage.
You barely miss something. Something closely misses you.
You closely miss something. Something hits you. Something shocks you.
You miss something. Your headbutt misses something. Something hits you.
* * * LOW HITPOINT WARNING * * *
Something shocks you.
* * * LOW HITPOINT WARNING * * *
You barely miss something. Your headbutt misses something.
Something hits you but does no damage.
You barely miss something. Something barely misses you. x2
You hit something. Your headbutt misses something.
Something hits you but does no damage.
You barely miss something.
A sky beast appears from thin air!
Reactivating autopickup.
The sky beast hits you.
* * * LOW HITPOINT WARNING * * *
The sky beast shocks you.
* * * LOW HITPOINT WARNING * * *
You barely miss the sky beast. Your headbutt misses the sky beast.
The sky beast is moderately wounded.
The sky beast closely misses you.
You hit the sky beast. You headbutt the sky beast.
The sky beast is moderately wounded.
The sky beast completely misses you. You furiously retaliate!
You headbutt the sky beast! You miss the sky beast. You headbutt the sky beast.
The sky beast is almost dead.
The sky beast closely misses you. You furiously retaliate!
You headbutt the sky beast. You hit the sky beast.
The sky beast is almost dead.
The sky beast barely misses you.
You hit the sky beast.
The sky beast is almost dead.
The sky beast flickers out of sight!
Deactivating autopickup; reactivate with Ctrl-A.
Something hits you.
You die...

#... .........
#...##...##.## .# ..
.....$........ .. ...
............#.. .###.#
....#)<.....#.. ......
............... ...#.##
....#..........##...#...
........................
....#.....###..{@.).....
..................[.....
......................#.
......#......#....###...
......#...........# ..
......#......#....# #
......#.######....#
..........# #....#
###.......# #....#


There were no monsters in sight!

Vanquished Creatures
  An ogre (D:6)
  An adder (D:5)
  An orc (D:5)
3 creatures vanquished.

Notes
Turn   | Place    | Note
-------+----------+-------------------------------------------
     0 | D:5      | cbfl8 the Minotaur Delver began the quest for the Orb.
     0 | D:5      | Reached XP level 1. HP: 19/19 MP: 0/0
    34 | D:5      | Reached XP level 2. HP: 25/27 MP: 1/1
    50 | D:5      | Noticed an ice beast
    52 | D:5      | Noticed an ogre
    68 | D:6      | Killed an ogre
    69 | D:6      | Reached skill level 5 in Stealth
    69 | D:6      | Reached XP level 3. HP: 24/33 MP: 2/2
    69 | D:6      | Reached XP level 4. HP: 29/40 MP: 3/3
    86 | D:6      | Noticed a sky beast
    98 | D:6      | Found Kyastiy's Blasphemy Boutique.
   187 | D:6      | HP: 1/40 [sky beast (5)]
   192 | D:6      | Slain by a sky beast

Illustrated notes

Levels and vault maps discovered:
D:5:      layout_loops_cross, mainiacjoe_overflow_cross_hatched,
          minmay_manual_mail, uniq_edmund, uniq_blork_the_orc
D:6:      layout_basic, nicolae_uskayaw_en_pointe,
          minmay_temple_entry_stoned_glass, nicolae_evil_shop

Skill      XL: |  1  2 |
---------------+-------+-----
Fighting       | 4 |  4.1
Axes           | 3 |  3.1
Stealth        | 5 |  5.2
Dodging        | |  2.4

Action                   |  1- 3 |  4- 6 || total
-------------------------+-------+-------++-------
Melee: Hand axe          |    14 |    17 ||    31
       Headbutt          |     2 |     2 ||     4
Armor: Leather armour    |     2 |     4 ||     6
Dodge: Dodged            |    12 |    10 ||    22
